Cogmind - Beta 14 @@@ ROGUE MODE // 2024.09.17 @ 08:01:00 // Winter2019/RPGLIKE Player: Toaster Result: Destroyed by G-47 Trooper with Particle Gun Performance ------------- Evolutions (2) 1000 Regions Visited (3) 600 Robots Destroyed (63) 315 Value Destroyed (1575) 1575 Prototype IDs (0) 0 Alien Tech Used (0) 0 Bonus (19) 19 TOTAL SCORE: 3509 Bonus ------- High Alert Combat Kills 19 Cogmind --------- Core Integrity 0/1650 Matter 115/300 Energy 160/160 System Corruption 0% Temperature Cool (45) Movement Treading (145) Location -8/Materials Parts ------- > --- POWER (1) -------- Light Nuclear Core > --- PROPULSION (2) --- Advanced Treads Advanced Treads > --- UTILITY (3) ------ Heat Sink Improved Heat Sink High-powered Tractor Beam > --- WEAPON (3) ------- Gauss Cannon Gauss Cannon Gauss Cannon > --- INVENTORY (1) ---- (None) Peak State ------------ > --- POWER ------------ Ion Engine > --- PROPULSION ------- Advanced Treads Advanced Treads > --- UTILITY ---------- Improved Heat Sink Reaction Control System High-powered Tractor Beam > --- WEAPON ----------- Gauss Cannon Gauss Cannon Gauss Cannon > --- INVENTORY -------- Heat Sink [Rating: 28] Favorites ----------- Power Ion Engine Engine Ion Engine Power Core Light Nuclear Core Propulsion Aluminum Leg Treads Advanced Treads Leg Aluminum Leg Wheel Wheel Hover Unit Hover Unit Utility Tractor Beam Device Tractor Beam Storage Humpback Processor Signal Interpreter Protection Weapon Shielding Weapon Light Cannon Energy Gun Medium Laser Ballistic Cannon Light Cannon Launcher Subdweller Shrapnel Launcher Special Weapon Multitool Slashing Weapon Ripper Build | -11 -10 -10 -8 ------- Run | Yrd Mat Sub Mat Slots Evolved 5 | 2 2 . 1 Power . | . . . . Propulsion 1 | 1 . . . Utility 2 | . 1 . 1 Weapon 2 | 1 1 . . Parts Attached 54 | 8 16 15 15 Power 3 | 1 . . 2 Engine 2 | 1 . . 1 Core 1 | . . . 1 Reactor . | . . . . Propulsion 20 | 5 8 4 3 Treads 5 | 1 . 1 3 Leg 10 | 2 6 2 . Wheel 3 | 2 . 1 . Hover 2 | . 2 . . Flight . | . . . . Utility 15 | . 5 5 5 Device 9 | . 2 2 5 Storage 1 | . . 1 . Processor 2 | . 2 . . Hackware . | . . . . Protection 3 | . 1 2 . Artifact . | . . . . Weapon 16 | 2 3 6 5 Energy Gun 2 | 2 . . . Energy Cannon . | . . . . Ballistic Gun . | . . . . Ballistic Cannon 11 | . 3 3 5 Launcher 1 | . . 1 . Special Weapon 1 | . . 1 . Impact Weapon . | . . . . Slashing Weapon 1 | . . 1 . Piercing Weapon . | . . . . Special Melee Weapon . | . . . . Unidentified Prototypes . | . . . . Parts Lost 2 | . . 1 1 Power . | . . . . Propulsion . | . . . . Utility 2 | . . 1 1 Weapon . | . . . . Highest Loss Streak 1 | . . 1 1 To Critical Strikes . | . . . . Average Slot Usage (%) 95 | . 95 94 97 Engine 12 | . 14 12 11 Treads 3 | . . . 16 Leg 20 | . 23 24 7 Hover 1 | . 4 . . Device 11 | . 3 12 28 Processor 4 | . 8 . . Protection 4 | . 4 6 . Energy Gun 6 | . 13 . . Ballistic Cannon 28 | . 21 36 33 Peak Build Rating 28 | 5 8 12 28 Average Rating 10 | 3 6 10 21 On Entrance 5 | . 5 8 10 Naked Turns . | . . . . Heaviest Build 29 | 9 16 21 29 Greatest Support 49 | 20 20 20 49 Greatest Overweight (x) 5 | 2 5 1 3 Average Overweight (x) . | . . . . Largest Inventory Capacity 31 | 1 1 31 1 Average Capacity 1 | . 1 1 1 Most Carried 1 | 1 1 1 1 Average Carried . | . . . . Final Capacity 1 | 1 1 1 1 Final Carried 1 | . 1 1 . Class Distribution -------------------- 71% | Gunner 28% | Mutant Dominant Class ---------------- Mutant | -10/Materials Gunner | -10/Subcaves Gunner | -8/Materials Resources | -11 -10 -10 -8 ----------- Run | Yrd Mat Sub Mat Matter Collected 2385 | 210 472 677 1026 Remotely 1811 | . 114 671 1026 Salvage Created 1270 | . 557 245 468 Parts 107 | . 48 17 42 Haulers Intercepted 4 | . 2 . 2 Recyclers Shooed 2 | . 2 . . Parts Field Recycled . | . . . . Retrieved Matter . | . . . . Parts Self-Destructed 16 | . . 16 . Prevented . | . . . . Kills | -11 -10 -10 -8 ------- Run | Yrd Mat Sub Mat Combat Hostiles Destroyed 43 | . 15 9 19 Guns 7 | . 7 . . Cannons 35 | . 8 9 18 AOE 1 | . . . 1 Classes Destroyed 14 | . 8 1 5 Worker 3 | . 2 . 1 Builder 1 | . . . 1 Tunneler 1 | . 1 . . Hauler 4 | . 2 . 2 Recycler 2 | . 1 . 1 Operator 3 | . 1 . 2 Watcher 6 | . 3 . 3 Swarmer 13 | . 6 . 7 Cutter 2 | . . . 2 Grunt 14 | . 9 . 5 Sentry 3 | . . . 3 Hunter 1 | . . . 1 Heavy 1 | . . . 1 Subdweller 9 | . . 9 . Best Kill Streak 8 | . 4 2 8 Combat Bots Only 7 | . 3 2 7 Max Kills in Single Turn 2 | . 2 1 2 Gunslinging . | . . . . Exploded 1 | . . . 1 Melee . | . . . . Uniques/NPCs Destroyed . | . . . . Combat | -11 -10 -10 -8 -------- Run | Yrd Mat Sub Mat Hostile Shots Fired 234 | . 48 52 134 Missed 62 | . 13 18 31 Damage Taken 2695 | . 369 729 1597 Core 2147 | . 296 567 1284 Absorbed by Shields . | . . . . Redirected to Core 1721 | . 192 439 1090 Redirected to Shielding 52 | . 12 40 . Core Remaining (%) 55 | 100 . 11 . Volleys Fired 148 | . 43 51 54 Largest 3 | . 3 3 3 Hottest 144 | . 105 118 144 Shots Fired 380 | . 95 128 157 Gun 40 | . 40 . . Cannon 340 | . 55 128 157 Launcher . | . . . . Special . | . . . . Kinetic 340 | . 55 128 157 Thermal 40 | . 40 . . Explosive . | . . . . Electromagnetic . | . . . . Robot Hit Streak 12 | . 12 7 9 Robot Miss Streak 7 | . 3 4 7 Penetration Max 1 | . . . 1 Secondary Targets . | . . . . Shots Hit Robots 189 | . 61 47 81 Core Hits 79 | . 27 18 34 Critical Kills 1 | . . 1 . Critical Parts Destroyed 1 | . . . 1 Critical Strikes 24 | . 5 5 14 Burn 2 | . 2 . . Destroy 3 | . . 2 1 Blast 19 | . 3 3 13 Melee Attacks . | . . . . Impact . | . . . . Slashing . | . . . . Piercing . | . . . . Sneak Attacks . | . . . . Combat Hostiles . | . . . . Follow-up Attacks . | . . . . Damage Inflicted 4573 | . 1040 793 2740 Guns 365 | . 365 . . Cannons 4140 | . 675 793 2672 Explosions 68 | . . . 68 Melee . | . . . . Ramming . | . . . . Kinetic 4140 | . 675 793 2672 Thermal 365 | . 365 . . Explosive . | . . . . Electromagnetic 68 | . . . 68 Impact . | . . . . Slashing . | . . . . Piercing . | . . . . Highest Corruption 2 | . 2 2 . Average Corruption 2 | . 2 2 . Corruption Purged . | . . . . Corruption Blocked . | . . . . Effects 44 | . 26 18 . Message Errors 7 | . 3 4 . Matter Fused 7 | . 3 4 . Heat Flow Errors 7 | . 5 2 . Energy Discharges 5 | . 3 2 . Parts Fused 1 | . . 1 . Data Loss (minor) 8 | . 6 2 . Data Loss (major) 6 | . 4 2 . Misfires 2 | . 1 1 . Alerts 1 | . 1 . . Overload Shots . | . . . . Overflow Damage 79 | . . . 79 Projectiles 79 | . . . 79 Explosions . | . . . . Melee . | . . . . Knockbacks 38 | . 7 7 24 Impact . | . . . . Kinetic 36 | . 7 6 23 Secondary 2 | . . 1 1 Self-Inflicted Damage . | . . . . Shots . | . . . . Rammed . | . . . . Targets Rammed . | . . . . Kicked . | . . . . Crushed . | . . . . Highest Temperature 366 | . 250 227 366 Average Temperature 74 | . 55 30 106 Received Heat Transfer 861 | . 162 168 531 Effects 2 | . . . 2 Shutdowns 1 | . . . 1 Matter Decay 1 | . . . 1 Siege Activations . | . . . . Robots Corrupted . | . . . . Combat Hostiles . | . . . . Parts Fried . | . . . . Impact Corruptions . | . . . . Robots Melted . | . . . . Combat Hostiles . | . . . . Parts Melted 3 | . 3 . . Heat Transferred 1221 | . 1221 . . Parts Sabotaged . | . . . . Parts Stolen . | . . . . Parts Stripped . | . . . . Power Chain Reactions . | . . . . Alert | -11 -10 -10 -8 ------- Run | Yrd Mat Sub Mat Peak Influence 490 | . 183 . 490 Initial . | . . . . Average 81 | . 63 . 136 Maximum Alert Level 2 | . . . 2 Low Security (%) 95 | 100 100 . 83 Level 1 3 | . . . 12 Level 2 1 | . . . 4 Level 3 . | . . . . Level 4 . | . . . . Level 5 . | . . . . High Security . | . . . . Max Security . | . . . . Squads Dispatched 7 | . 3 . 4 Investigation 2 | . 2 . . Extermination . | . . . . Reinforcement 5 | . 1 . 4 Assault . | . . . . Garrison . | . . . . Intercept . | . . . . Searches Triggered . | . . . . Construction Impeded 2 | . . . 2 Haulers Reinforced . | . . . . Active Scanning Responses . | . . . . Cargo Convoy Interrupts . | . . . . Stealth | -11 -10 -10 -8 --------- Run | Yrd Mat Sub Mat Distress Signals 4 | . 1 . 3 Communications Jammed . | . . . . Distress Signals . | . . . . Times Spotted 76 | . 25 10 41 Peak Tracking Total 9 | . 4 2 9 Tactical Retreats 6 | . 2 . 4 Traps | -11 -10 -10 -8 ------- Run | Yrd Mat Sub Mat Traps Triggered 4 | . 4 . . Indirectly . | . . . . Trap Hack Attempts . | . . . . Triggered . | . . . . Disarmed . | . . . . Reprogrammed . | . . . . Reused . | . . . . Traps Extracted . | . . . . Installed . | . . . . Triggered . | . . . . Machines | -11 -10 -10 -8 ---------- Run | Yrd Mat Sub Mat Machines Disabled 4 | . . . 4 Max in Single Turn 2 | . . . 2 Machines Repaired . | . . . . Machines Dismantled . | . . . . Machines Sabotaged . | . . . . Overloaded Fab Kills . | . . . . Hacking | -11 -10 -10 -8 --------- Run | Yrd Mat Sub Mat Machines Accessed 8 | . 3 . 5 Terminals 7 | . 2 . 5 Fabricators . | . . . . Repair Stations . | . . . . Recycling Units 1 | . 1 . . Scanalyzers . | . . . . Garrison Access . | . . . . Total Hacks 16 | . 5 . 11 Successful 6 | . 2 . 4 Failed 10 | . 3 . 7 Catastrophic . | . . . . Database Lockouts . | . . . . Manual . | . . . . Terminals 14 | . 3 . 11 Fabricators . | . . . . Repair Stations . | . . . . Recycling Units 2 | . 2 . . Scanalyzers . | . . . . Garrison Access . | . . . . Terminal Hacks 6 | . 2 . 4 Record 1 | . . . 1 Branch Access Points 1 | . 1 . . Locate Traps 2 | . 1 . 1 Hauler Manifests 1 | . . . 1 Zone Layout 1 | . . . 1 Fabricator Hacks . | . . . . Repair Station Hacks . | . . . . Recycling Unit Hacks . | . . . . Scanalyzer . | . . . . Garrison Access Hacks . | . . . . Unauthorized Hacks . | . . . . Terminals . | . . . . Fabricators . | . . . . Repair Stations . | . . . . Recycling Units . | . . . . Scanalyzers . | . . . . Garrison Access . | . . . . Data Cores Recovered 1 | . . . 1 Used . | . . . . Hacking Detections 5 | . 3 . 2 Full Trace Events . | . . . . Feedback Events . | . . . . Feedback Blocked . | . . . . Robot Schematics Acquired . | . . . . Robots Built . | . . . . Authchips . | . . . . Time . | . . . . Total Robot Build Rating . | . . . . Part Schematics Acquired . | . . . . Parts Built . | . . . . Authchips . | . . . . Time . | . . . . Total Part Build Rating . | . . . . Parts Repaired . | . . . . Time . | . . . . Parts Recycled . | . . . . Recycled Matter . | . . . . Retrieved Matter . | . . . . Retrieved Components . | . . . . Parts Scanalyzed . | . . . . Part Schematics Acquired . | . . . . Parts Damaged . | . . . . Bothacking | -11 -10 -10 -8 ------------ Run | Yrd Mat Sub Mat Used RIF Installer . | . . . . Robots Hacked . | . . . . Non-combat . | . . . . Combat . | . . . . Robot Hacks Applied . | . . . . Relay Couplers Released . | . . . . Fabnet Peak Effective % . | . . . . Robots Rewired . | . . . . Allies Hacked . | . . . . Hacks Repelled . | . . . . Allies | -11 -10 -10 -8 -------- Run | Yrd Mat Sub Mat Total Allies . | . . . . Largest Group . | . . . . Highest-Rated Group . | . . . . Highest-Rated Ally . | . . . . Total Orders . | . . . . Ally Attacks . | . . . . Total Damage . | . . . . Kills . | . . . . Allies Corrupted . | . . . . Allies Melted . | . . . . Intel | -11 -10 -10 -8 ------- Run | Yrd Mat Sub Mat Robot Analysis Total . | . . . . Derelict Logs Recovered . | . . . . Drone Launches . | . . . . Drone Recoveries . | . . . . Exploration | -11 -10 -10 -8 ------------- Run | Yrd Mat Sub Mat Turns Passed 4630 | 111 2136 1498 885 Spaces Moved 3041 | 89 1390 1078 484 Core 49 | 46 1 . 2 Treads 305 | . . 2 303 Legs 2366 | 34 1077 1076 179 Wheels 9 | 9 . . . Hover 312 | . 312 . . Flight . | . . . . Fastest Speed 50 | 50 116 120 120 Average Speed 123 | 106 123 120 136 Slowest Speed 300 | 150 300 190 225 Overloaded Moves . | . . . . Propulsion Burnouts . | . . . . Robots Hopped . | . . . . Cave-ins Triggered . | . . . . Exploration Rate (%) 45 | 6 83 45 46 Regions Visited 3 Branch Regions 1 Pre-discovered Areas . | . . . . Known Exits Taken 1 | . 1 . . Unknown Exits Taken 2 | 1 . 1 . Scrap Searched 4 | . . 4 . Spaces Dug . | . . . . Terrain Destroyed 84 | . . 9 75 Melee . | . . . . Projectile 84 | . . 9 75 AOE . | . . . . Terrain Rammed . | . . . . Walls Destroyed . | . . . . Machines Disabled . | . . . . Actions | -11 -10 -10 -8 --------- Run | Yrd Mat Sub Mat Total 3597 | 105 1724 1177 591 Wait 272 | . 248 9 15 Move 3038 | 88 1389 1077 484 Hop . | . . . . Pick Up 13 | 4 5 3 1 Fast Attach 37 | 4 10 12 11 Attach 11 | 4 4 1 2 Detach 13 | 2 4 1 6 Swap 6 | . 2 2 2 Drop 35 | 3 9 15 8 Fire 148 | . 43 51 54 Melee . | . . . . Ram . | . . . . Kick . | . . . . Crush . | . . . . Escape Stasis . | . . . . Rewire . | . . . . Trap . | . . . . Miscellaneous 24 | . 10 6 8 Route ------- -11/Scrapyard -10/Materials (discovered 5 exits: *Mat x2 / *Min x2 / *Sub) -10/Subcaves -8/Materials History --------- Turn | Location | Event 4 | -11/Scrapyard | Discovered new exit (range 16) 17 | -11/Scrapyard | Upgraded with Propulsion slot (x1) 17 | -11/Scrapyard | Upgraded with Weapon slot (x1) 112 | -11/Scrapyard | Entered Materials 318 | -10/Materials | Build established: Mutant 352 | -10/Materials | Discovered new exit (range 17) 783 | -10/Materials | Discovered new exit (range 7) 823 | -10/Materials | Identified exit to Mines 871 | -10/Materials | Identified exit to Materials 954 | -10/Materials | Discovered exit to Mines (range 17) 1189 | -10/Materials | Discovered exit to Materials (range 8) 1220 | -10/Materials | Reached level 2 1251 | -10/Materials | Upgraded with Utility slot (x1) 1251 | -10/Materials | Upgraded with Weapon slot (x1) 1472 | -10/Materials | Discovered new exit (range 6) 1478 | -10/Materials | Identified exit to Subcaves 1542 | -10/Materials | Build established: Gunner 2248 | -10/Materials | Entered Subcaves 2249 | -10/Subcaves | Shifting Twisted Machinery released Humpback 2250 | -10/Subcaves | Shifting Twisted Machinery released Shrapnel Trap 2250 | -10/Subcaves | Discovered new exit (range 8) 2992 | -10/Subcaves | A swath of the cavern ceiling suddenly collapsed 3126 | -10/Subcaves | Core integrity fell below 50% 3311 | -10/Subcaves | Core integrity fell below 20% 3746 | -10/Subcaves | Entered Materials 3747 | -8/Materials | Core integrity fell below 50% 3747 | -8/Materials | Core integrity fell below 20% 3748 | -8/Materials | Reached level 3 3864 | -8/Materials | Reached level 4 4203 | -8/Materials | Upgraded with Utility slot (x1) 4514 | -8/Materials | Reached level 5 4548 | -8/Materials | Destroyed 7 combat bots 4631 | -8/Materials | Destroyed by G-47 Trooper with Particle Gun Last Messages --------------- 04605_ Acquired Gauss Cannon. 04605_ U-05 Engineer lays Concrete. 04606_ Acquired 4 matter. 04606_ U-05 Engineer lays Concrete. 04618_ W-25 Informer sends out distress signal. 04620_ Acquired 5 matter. 04622_ G-47 Trooper knocked back. 04622_ Slug penetrates Wall. 04623_ Acquired 6 matter. 04623_ Acquired 1 matter. 04625_ H-61 Shepherd destroyed. 04626_ Acquired 6 matter. 04626_ Acquired 2 matter. 04628_ Slug penetrates G-47 Trooper. 04628_ G-47 Trooper knocked back. 04628_ Slug penetrates G-50 Soldier. 04628_ G-47 Trooper knocked back. 04629_ Acquired 5 matter. 04629_ Acquired 1 matter. 04631_ K-01 Serf collects debris. Map ----- +----------------------------------------------------+ | ????????????????????????????????????????????? | | ????????????????????????????????????????????? | | ????????????????????????????????????????????? | | ????????????????????????????????????????????? | | ??????????????????#####?????????????????????? | | ?????????????????? ?????????????????????? | | ?????????????????? ?????????????????????? | | ?????????????????? ?????????????????????? | | ?????????????????? ?????????????????????? | | ?????????????????? ?????????????????????? | | ??????????????????# #?????????????????????? | | ??????????????????# #?????????????????????? | | ??????????????????# #?????????????????????? | | ??????????????????# #?????????????????????? | | ??????????????????# #?????????????????????? | | ?????????????????## ####?????????? ???????? | | ????????????????## ## #####?? # ???????? | | ????????????????# # # " ???????? | | ??## ##???????# = * / #??????????? | | ??# #????????# [% /* #??????????? | | ??# ########## ! = ???????????????? | | ??# = =* # #??????????????????? | | ??# ######## ## ##????????????????????? | | ??# #?????#####=]g###???????????????????? | | ??############ # ; [=!;;####???????????????? | | ??????# #######[%!;!g@ #???????????????? | | ??????# * g; g #???????????????? | | ??????# = g #???????????????? | | ??????# * # [ #???????????????? | | ??????# k######;#### Y#???????????????? | | ???######+##########??# +???????????????? | | ???# !#?????# # ??????????????? | | ???# "" [ """ #?????# # ??????????????? | | #??# "T """ #?????# #?#?????????????? | | #??# "" ! """ #?????# #???????????????? | | #??# #?????# #???????????????? | | #??####+############??# #???????????????? | | #?????# #?# #??#######???????????????? | | #?????# #?# """""#????????????????????????? | | ####??# #?# """""#????????????????????????? | | #### ### """""#????????????????????????? | | ## # """""#????????????????????????? | | ## # ! """""#????????????????????????? | | " ## + """""#????????????????????????? | | "" ## # """""#????????????????????????? | | S" ## # #????????????????????????? | | ### ###########????????????????????????? | | ###### # % #????????????????????????? | | # # %* #????????????????????????? | | + + "Y" ?????????????????????????? | +----------------------------------------------------+ Best States ------------- Heat Dissipation 67 Energy Generation 14 Energy Capacity 250 Matter Stores 300 Matter Capacity 300 Sight Range 23 Robot Scan Range 6 Terrain Scan Density 10 Weapon Shielding 33 Evasion (%) 63 Targeting Accuracy 5 Recoil Reduction 2 Item Schematics ----------------- None Robot Schematics ------------------ None Fabricated ------------ Nothing Alien Tech Used ----------------- None Achievements -------------- None Challenges ------------ None RPGLIKE | -11 -10 -10 -8 --------- Run | Yrd Mat Sub Mat Levels Raised 4 | . 1 . 3 XP Earned 10329 | 3000 1995 1000 4334 XP Spent 8910 | 2550 1950 . 4410 Upgrades 40 | 7 4 . 29 Propulsion Slot 1 | 1 . . . Utility Slot 2 | . 1 . 1 Weapon Slot 2 | 1 1 . . Core Integrity 21 | . . . 21 Heat Dissipation 3 | . . . 3 Mass Support 1 | . . . 1 Inventory Capacity 1 | 1 . . . Sight Range 3 | 2 . . 1 Sensor Range 3 | . 1 . 2 Ranged Accuracy 3 | 2 1 . . Protomatter Created 291 | . 117 45 129 Integrity Restored 490 | . 196 135 159 Core 490 | . 196 135 159 Protomatter Decayed 121 | . 51 70 . Game ------ Seed FusionSmallObliterator Manual? 0 Play Time 00:48:08 Cumulative 66.3 hours Start 2024.09.17 @ 07:14:37 End 2024.09.17 @ 08:01:00 Sessions 1 Manual Loads 0 Difficulty Rogue Special Mode Winter2019/RPGLIKE Game No. 27 Rogue 23 Adventurer 4 Explorer 0 Win Type - Total 1 Types 1/0/0/0/0/0/0/0/0 Lore% 25 Gallery% 37 Achievement% 43 Wizard Run 0 Options --------- Layout 0 ASCII 0 Keyboard 0 Movement Arrows Keybinds 0 Fullscreen 2 Font 32/SmallcapsGlow Map View 88x55 Zoom Use 0% Tactical HUD 1 Map Filters NONE Filters NONE Steam 1 RUN: 140e4ed2-7096-47cf-8043-8324e52b00ef